 Dungeon Crawl Stone Soup version 0.17.1-2-g5865329 (webtiles) character file.

37283 PossumBlood the Severer (level 13, -9/124 HPs)
             Began as a Minotaur Fighter on Jan 19, 2016.
             Was the Champion of Okawaru.
             Mangled by a slime creature (13 damage)
             ... on level 15 of the Dungeon.
             The game lasted 00:56:35 (14421 turns).

PossumBlood the Severer (Minotaur Fighter)         Turns: 14421, Time: 00:56:38

Health: -9/124     AC: 22    Str: 24    XL:     13   Next: 57%
Magic:  12/12      EV:  8    Int:  5    God:    Okawaru [******]
Gold:   550        SH:  6    Dex: 12    Spells: 0 memorised, 12 levels left

rFire  + . .     SeeInvis +     e - +2 broad axe of Trauma {elec, *Corrode +Rage rElec}
rCold  + . .     Clarity  .     u - +6 plate armour
rNeg   + . .     SustAt   .     D - +2 buckler {rC+ rF+}
rPois  +         Gourm    .     M - +0 hat {MR+}
rElec  +         Spirit   .     v - +2 cloak
rCorr  .         Warding  .     r - +0 pair of gloves of Devotion {rN+ Slay+3}
rMut   .         Stasis   .     (no boots)
MR     +....                    O - amulet of Mauqem {rElec Regen+}
Stlth  ..........               y - ring of poison resistance
                                w - ring of see invisible

@: lethally poisoned (-9 -> -11), corroded equipment, somewhat resistant to
hostile enchantments, extremely unstealthy
A: retaliatory headbutt, horns 2
a: Heroism, Finesse, Renounce Religion, Evoke Berserk Rage


You were on level 15 of the Dungeon.
You worshipped Okawaru.
Okawaru was exalted by your worship.
You were not hungry.

You visited 1 branch of the dungeon, and saw 15 of its levels.
You also visited: Labyrinth and Sewer.

You collected 922 gold pieces.
You spent 372 gold pieces at shops.

Inventory:

Hand Weapons
 a - a +1 war axe of chopping
 d - a +3 war axe
 e - the +2 broad axe of Trauma (weapon) {elec, *Corrode +Rage rElec}
   (You acquired it on level 6 of the Dungeon)

   Occasionally, upon striking a foe, it will discharge some electrical energy
   and cause terrible harm.
   It insulates you from electricity.
   It lets you go berserk.
   It may corrode your equipment when you take damage.
 x - a +3 battleaxe of electrocution
 P - a +1 hand axe of flaming
Missiles
 h - 5 javelins (quivered)
 l - 13 tomahawks
Armour
 c - a +0 shield
 r - the +0 pair of gloves of Devotion (worn) {rN+ Slay+3}
   (Okawaru gifted it to you on level 11 of the Dungeon)

   It affects your accuracy and damage with ranged weapons and melee attacks
   (+3).
   It protects you from negative energy.
 s - the +3 buckler of Grace {rCorr Str+4 Int-2}
   (You took it off Norris on level 14 of the Dungeon)

   It affects your strength (+4).
   It affects your intelligence (-2).
   It protects you from acid and corrosion.
 u - a +6 plate armour (worn)
 v - a +2 cloak (worn)
 D - a +2 buckler of resistance (worn)
 M - a +0 hat of magic resistance (worn)
Jewellery
 w - a ring of see invisible (left hand)
 y - a ring of poison resistance (right hand)
 B - an uncursed amulet of the gourmand
 C - an uncursed ring of wizardry
 E - an uncursed ring of magical power
 O - the amulet of Mauqem (around neck) {rElec Regen+}
   (You found it in a labyrinth)

   [amulet of regeneration]

   It insulates you from electricity.
   It increases your rate of regeneration.
 Q - an uncursed ring of protection from cold
 R - a +3 ring of dexterity
 S - an uncursed ring of teleportation
 Y - an uncursed ring of protection from fire
Scrolls
 j - 9 scrolls of remove curse
 m - 2 scrolls of fog
 p - 4 scrolls of blinking
 t - a scroll of amnesia
 F - 2 scrolls of teleportation
 I - 3 scrolls of magic mapping
 L - 2 scrolls of recharging
Potions
 b - 2 potions of lignification
 f - 2 potions of cure mutation
 g - 3 potions of flight
 i - a potion of brilliance
 k - 4 potions of curing
 n - a potion of berserk rage
 o - a potion of invisibility
 q - 3 potions of magic
 z - 4 potions of haste
 A - 4 potions of resistance
 H - 3 potions of ambrosia
 K - 7 potions of agility
 U - a potion of mutation
Miscellaneous
 G - a sack of spiders
 J - a phial of floods
 X - a box of beasts
Comestibles
 N - a bread ration
 T - 3 meat rations
 V - 5 fruits
 W - 4 slices of pizza


   Skills:
 + Level 14.2 Fighting
 - Level 19.1 Axes
 - Level 12.7 Armour
 - Level 2.0 Dodging
 - Level 0.6 Stealth
 - Level 3.6 Shields


You had 12 spell levels left.
You didn't know any spells.

Dungeon Overview and Level Annotations

Branches:
Dungeon (15/15)            Temple (0/1) D:5            Lair (0/8) D:9
    Orc (0/4) D:9          Vaults (0/5) D:14
 Depths: D:15

Altars:
Elyvilon
Fedhas
Gozag
Kikubaaqudgha
Nemelex Xobeh
Okawaru
Qazlal
Ru
Sif Muna
Trog
Vehumet
Xom
The Shining One
Jiyva

Shops:
D:6 ***   D:14 }

Annotations:
D:15 Nessos


Innate Abilities, Weirdness & Mutations

You reflexively headbutt those who attack you in melee.
You have a pair of horns on your head.


Message History

The poisoned arrow burns you.
* * * LOW HITPOINT WARNING * * *
You see here a poisoned arrow.
You feel sick.
Nessos shoots a poisoned arrow.
The poisoned arrow hits you but does no damage.
The slime creature hits you!
* * * LOW HITPOINT WARNING * * *
Nessos blinks!
You see here a poisoned arrow.
You feel sick.
Nessos stands on his hind legs for a moment.
The slime creature hits you but does no damage.
You barely miss Nessos. You headbutt Nessos.
Nessos is severely wounded.
You slash the slime creature!
There is a sudden explosion of sparks!
The slime creature is heavily wounded.
You slice the slime creature!!
The slime creature is heavily wounded.
You feel sick.
Nessos blinks!
The slime creature hits you!
You die...

..$....(....# #.#
#.#.#.##.#
.....(.(....# #^#
#.#.#.#...
.......(....# #.#
#...(..._.
(...........# #.#
###.#.#...
............# #.#
#.#.##.#
...........## #.#
#.#.....
.......(...#####.###
#.####.#
.......((((J#......#
#.......
...........J@ยง.....#
######.#
...........#......c#
#..#
#####..#####.###.###
.#... .P.. #.# #
#..... ..... ...
###### 8..... ... #..
.8...P ...# ...####.#
P...# .......<#
...####..


You could see Nessos and 2 slime creatures.

Vanquished Creatures
  Norris (D:14)
  Rupert (D:14)
  Donald (D:14)
  Josephine (D:10)
  A minotaur (Lab)
  5 hydras
  2 centaur warriors
  A tengu warrior (D:13)
  A death yak (D:12)
  3 ugly things
  4 hill giants
  3 cyclopes
  Maurice (D:12)
  2 gargoyles (D:10)
  3 centaur skeletons
  A kobold demonologist (D:11)
  A komodo dragon (D:11)
  A two-headed ogre (D:13)
  A troll (D:9)
  A tengu conjurer (D:13)
  2 slime creatures (D:15)
  A trapdoor spider (D:12)
  6 wraiths
  Sigmund (D:6)
  2 deep elf magi
  4 vampire mosquitoes (D:13)
  2 wyverns
  4 hungry ghosts
  3 yaks
  2 hippogriffs
  16 humans (D:14)
  2 wolves (D:12)
  A mottled dragon (D:11)
  Duvessa (D:6)
  12 orc warriors
  3 phantoms
  A trapdoor spider simulacrum (D:12)
  A wasp (D:11)
  9 centaurs
  5 ogres
  2 black bears
  3 sky beasts
  An eye of draining (D:13)
  4 ice beasts
  10 big kobolds
  A gnoll sergeant (D:6)
  9 giant frogs
  A wyvern skeleton (D:14)
  4 scorpions
  Dowan (D:6)
  A water moccasin skeleton (D:5)
  5 wights (D:6)
  An electric eel (D:12)
  8 killer bees (D:9)
  4 centaur zombies
  6 crimson imps
  A wasp zombie (D:6)
  3 giant frog zombies
  4 hounds
  12 worker ants
  Crazy Yiuf (D:2)
  4 orc priests
  4 quasits
  6 jellies
  20 orc wizards
  2 giant frog skeletons (D:11)
  Jessica (D:2)
  2 iguanas
  A killer bee zombie (D:5)
  2 centaur simulacra
  8 sheep
  A hound zombie (D:5)
  2 hound skeletons
  6 gnolls (D:6)
  A river rat (Sewer)
  17 adders
  2 shadow imps
  An ufetubus (D:12)
  6 oozes
  2 adder skeletons
  5 worms
  6 giant geckos
  42 orcs
  8 ball pythons
  9 hobgoblins
  24 kobolds
  3 quokkas
  9 bats
  5 giant cockroaches
  4 giant newts
  7 goblins
  6 jackals (D:3)
  6 rats
417 creatures vanquished.

Vanquished Creatures (others)
  5 fungi (D:9)
  A plant (D:9)
6 creatures vanquished.

Grand Total: 423 creatures vanquished

Notes
Turn   | Place    | Note
--------------------------------------------------------------
     0 | D:1      | PossumBlood the Minotaur Fighter began the quest for the Orb.
     0 | D:1      | Reached XP level 1. HP: 19/19 MP: 0/0
   125 | D:1      | Reached XP level 2. HP: 26/26 MP: 1/1
   702 | D:2      | Reached skill level 4 in Axes
   702 | D:2      | Reached XP level 3. HP: 16/31 MP: 2/2
  1004 | D:2      | Noticed Jessica
  1009 | D:2      | Killed Jessica
  1009 | D:2      | Reached skill level 1 in Dodging
  1009 | D:2      | Reached XP level 4. HP: 39/39 MP: 3/3
  1019 | D:2      | Found a sparkling altar of Nemelex Xobeh.
  1317 | D:2      | Found an iron altar of Okawaru.
  1328 | D:2      | Became a worshipper of Warmaster Okawaru
  1334 | D:2      | Found a bloodstained altar of Trog.
  1357 | D:2      | Found a stormy altar of Qazlal.
  1435 | D:2      | Noticed Crazy Yiuf
  1446 | D:2      | Killed Crazy Yiuf
  1446 | D:2      | Reached skill level 5 in Axes
  1976 | D:3      | Reached XP level 5. HP: 41/45 MP: 4/4
  2008 | D:3      | Found a faded altar to an unknown god.
  2173 | D:3      | Found a blossoming altar of Fedhas.
  2173 | D:3      | Found an ancient bone altar of Kikubaaqudgha.
  2593 | D:4      | Reached skill level 6 in Axes
  2601 | D:4      | Noticed an ogre
  2603 | D:4      | Found a glowing golden altar of the Shining One.
  2610 | D:4      | Killed an ogre
  2610 | D:4      | Reached skill level 7 in Axes
  2610 | D:4      | Reached XP level 6. HP: 11/51 MP: 5/5
  2875 | D:4      | Found a radiant altar of Vehumet.
  2955 | D:4      | Noticed a phantom
  2972 | D:4      | Killed a phantom
  2972 | D:4      | Reached * piety under Okawaru
  2972 | D:4      | Reached skill level 8 in Axes
  3354 | D:4      | Noticed a phantom
  3373 | D:4      | Killed a phantom
  3373 | D:4      | Reached XP level 7. HP: 49/57 MP: 6/6
  3494 | D:5      | Entered Level 5 of the Dungeon
  3545 | D:5      | Reached skill level 9 in Axes
  3718 | D:5      | Reached skill level 10 in Axes
  3779 | D:5      | Found a glowing drain.
  3797 | Sewer    | Entered a sewer
  3832 | Sewer    | Reached ** piety under Okawaru
  4318 | Sewer    | Reached XP level 8. HP: 61/64 MP: 7/7
  4338 | Sewer    | Reached skill level 11 in Axes
  4753 | D:5      | Found a shimmering altar of Xom.
  4794 | D:5      | Found a staircase to the Ecumenical Temple.
  4889 | D:5      | Reached skill level 12 in Axes
  5130 | D:6      | Found Suxaek's General Store.
  5139 | D:6      | Bought a potion of curing for 39 gold pieces
  5245 | D:6      | Found Kiloaxt's Assorted Antiques.
  5254 | D:6      | Bought a scroll labeled VIBIAG CEEH for 25 gold pieces
  5254 | D:6      | Bought a scroll labeled RACOIT GONWA for 25 gold pieces
  5254 | D:6      | Bought a potion of curing for 75 gold pieces
  5254 | D:6      | Bought a potion of curing for 75 gold pieces
  5254 | D:6      | Bought a pair of gloves for 112 gold pieces
  5262 | D:6      | Got a twisted broad axe
  5263 | D:6      | Identified the +2 broad axe of Trauma {elec, *Corrode +Rage rElec} (You acquired it on level 6 of the Dungeon)
  5507 | D:6      | Reached *** piety under Okawaru
  5528 | D:6      | Reached skill level 13 in Axes
  5860 | D:6      | Noticed Sigmund
  5889 | D:6      | Killed Sigmund
  5891 | D:6      | Reached XP level 9. HP: 25/70 MP: 8/8
  5893 | D:6      | Received a gift from Okawaru
  5914 | D:6      | HP: 1/70 [orc wizard/magic dart (7)]
  6187 | D:6      | Noticed Dowan
  6188 | D:6      | Found Momnurhyfo's Assorted Antiques.
  6194 | D:6      | Killed Dowan
  6194 | D:6      | Reached skill level 14 in Axes
  6196 | D:6      | Noticed Duvessa
  6199 | D:6      | Killed Duvessa
  6214 | D:6      | Bought a scroll labeled YTHITHR OMPUEH for 21 gold pieces
  6602 | D:6      | Found a deep blue altar of Sif Muna.
  6619 | D:6      | Reached **** piety under Okawaru
  7211 | D:7      | Reached skill level 15 in Axes
  7914 | D:8      | Reached ***** piety under Okawaru
  7914 | D:8      | Reached skill level 16 in Axes
  7914 | D:8      | Reached XP level 10. HP: 75/77 MP: 9/9
  8021 | D:9      | Reached skill level 5 in Fighting
  8491 | D:9      | Found a staircase to the Lair.
  8794 | D:9      | Noticed a purple ugly thing
  8803 | D:9      | Killed a purple ugly thing
  9054 | D:9      | Received a gift from Okawaru
  9072 | D:9      | Found an opulent altar of Gozag.
  9072 | D:9      | Found a sparkling altar of Nemelex Xobeh.
  9404 | D:9      | Found a staircase to the Orcish Mines.
  9495 | D:9      | Reached skill level 10 in Fighting
  9563 | D:10     | Entered Level 10 of the Dungeon
  9911 | D:10     | Reached XP level 11. HP: 81/102 MP: 10/10
 10312 | D:10     | Noticed Josephine
 10320 | D:10     | Killed Josephine
 10460 | D:11     | Noticed a hill giant
 10462 | D:11     | Noticed a six-headed hydra
 10467 | D:11     | Killed a hill giant
 10483 | D:11     | Killed a one-headed hydra
 10483 | D:11     | Reached skill level 5 in Armour
 10790 | D:11     | Received a gift from Okawaru
 10791 | D:11     | Got a pair of twisted gloves {god gift}
 10802 | D:11     | Identified the +0 pair of gloves of Devotion {rN+ Slay+3} (Okawaru gifted it to you on level 11 of the Dungeon)
 10841 | D:11     | Found a labyrinth entrance.
 10854 | Lab      | Entered a labyrinth
 11219 | Lab      | Noticed a minotaur
 11225 | Lab      | Killed a minotaur
 11225 | Lab      | Reached ****** piety under Okawaru
 11236 | Lab      | Got a slimy bronze amulet
 11237 | Lab      | Got a smoking long sword
 11242 | Lab      | Identified the amulet of Mauqem {rElec Regen+} (You found it in a labyrinth)
 11490 | D:12     | Noticed a death yak
 11512 | D:12     | Killed a death yak
 11748 | D:12     | Noticed Maurice
 11753 | D:12     | Killed Maurice
 11792 | D:12     | Reached skill level 10 in Armour
 11802 | D:12     | Reached XP level 12. HP: 92/115 MP: 11/11
 12302 | D:12     | Noticed a hill giant
 12307 | D:12     | Killed a hill giant
 12408 | D:13     | Noticed a centaur warrior
 12415 | D:13     | Killed a centaur warrior
 12442 | D:13     | Found a viscous altar of Jiyva.
 12538 | D:13     | Noticed a three-headed hydra
 12544 | D:13     | Killed a one-headed hydra
 12544 | D:13     | Received a gift from Okawaru
 12579 | D:13     | Identified the +3 long sword "Enkus" {slice, MR+} (You found it in a labyrinth)
 12660 | D:13     | Noticed a four-headed hydra
 12669 | D:13     | Killed a five-headed hydra
 12989 | D:13     | Reached skill level 17 in Axes
 13182 | D:14     | Found a gate to the Vaults.
 13182 | D:14     | Noticed Rupert
 13182 | D:14     | Noticed Donald
 13182 | D:14     | Noticed Norris
 13193 | D:14     | Killed Rupert
 13193 | D:14     | Reached skill level 18 in Axes
 13193 | D:14     | Reached XP level 13. HP: 86/122 MP: 9/12
 13193 | D:14     | Received a gift from Okawaru
 13199 | D:14     | Killed Donald
 13212 | D:14     | Killed Norris
 13212 | D:14     | Reached skill level 19 in Axes
 13214 | D:14     | Got a warped buckler
 13374 | D:14     | Identified the +3 buckler of Grace {rCorr Str+4 Int-2} (You took it off Norris on level 14 of the Dungeon)
 13399 | D:14     | Found a white marble altar of Elyvilon.
 13414 | D:14     | Noticed a centaur warrior
 13419 | D:14     | Killed a centaur warrior
 13545 | D:14     | Noticed a seven-headed hydra
 13556 | D:14     | Killed a three-headed hydra
 13817 | D:14     | Found Beijymm's Gadget Emporium.
 13901 | D:14     | Noticed an eight-headed hydra
 13907 | D:14     | Killed a six-headed hydra
 14248 | D:15     | Entered Level 15 of the Dungeon
 14261 | D:15     | Found a sacrificial altar of Ru.
 14388 | D:15     | Noticed Nessos
 14419 | D:15     | HP: 5/124 [slime creature (7)]
 14421 | D:15     | Mangled by a slime creature

Action                   |  1- 3 |  4- 6 |  7- 9 | 10-12 | 13-15 || total
-------------------------+-------+-------+-------+-------+-------++-------
Melee: War axe           |    72 |   136 |   209 |       |       ||   417
       Hand axe          |       |       |    47 |    18 |    10 ||    75
       Broad axe         |       |       |   158 |   428 |    74 ||   660
Invok: Heroism           |       |       |       |     1 |       ||     1
  Use: Scroll            |       |       |    22 |    15 |     1 ||    38
       Potion            |       |       |     4 |     1 |     4 ||     9
  Eat: Fruit             |       |     3 |       |       |     7 ||    10
       Beef jerky        |       |     1 |     1 |     1 |       ||     3
       Bread ration      |       |     1 |     2 |       |       ||     3
       Meat ration       |       |       |     1 |     2 |       ||     3
       Pizza             |       |       |     1 |     2 |       ||     3
       Royal jelly       |       |       |     1 |       |       ||     1
       Chunk             |       |       |       |     9 |       ||     9
